 Dungeon Crawl Stone Soup version 0.19-a0-854-gc78d25d (webtiles) character file.

63 sugabear the Cutter (level 4, 0/25 HPs)
             Began as a Vine Stalker Gladiator on July 1, 2016.
             Succumbed to an adder's poison
             ... on level 2 of the Dungeon.
             The game lasted 00:01:32 (1269 turns).

sugabear the Cutter (Vine Stalker Gladiator)        Turns: 1269, Time: 00:01:33

Health: 0/25       AC:  4    Str: 18    XL:     4   Next: 10%
Magic:  1/5        EV: 13    Int:  8    God:
Gold:   165        SH:  0    Dex: 15    Spells: 0 memorised, 3 levels left

rFire  . . .     SeeInvis .     a - +0 rapier
rCold  . . .     Gourm    .     b - +0 leather armour
rNeg   . . .     Faith    .     (no shield)
rPois  .         Spirit   +     c - +0 helmet
rElec  .         Dismiss  .     (no cloak)
rCorr  .         Reflect  .     (no gloves)
SustAt .         Harm     .     (no boots)
MR     .....                    (no amulet)
Stlth  +.........               (no ring)
                                (no ring)

@: lethally poisoned (0 -> -5), not resistant to hostile enchantments, very
unstealthy
A: fangs 2, hooves 1, blurry vision 1, regeneration 1, robust 1, magic shield,
antimagic bite, no device heal 3, rot immunity
a: no special abilities


You were on level 2 of the Dungeon.
You were not hungry.

You visited 1 branch of the dungeon, and saw 2 of its levels.

You collected 165 gold pieces.

Inventory:

Hand Weapons
 a - a +0 rapier (weapon)
 v - a +1 dagger of distortion
Missiles
 d - 2 throwing nets (quivered)
Armour
 b - a +0 leather armour (worn)
 c - a +0 helmet (worn)
Scrolls
 e - a scroll of identify {unknown}
 g - 2 scrolls of teleportation {unknown}
 h - a scroll of magic mapping {unknown}
 i - a scroll of random uselessness {unknown}
 l - a scroll of blinking {unknown}
 r - a scroll of remove curse {unknown}
Potions
 k - a potion of mutation
 m - a potion of haste {unknown}
 n - a potion of agility {unknown}
 s - a potion of ambrosia {unknown}
 t - a potion of curing {unknown}
 u - a potion of lignification {unknown}
Comestibles
 f - 2 bread rations
 j - 2 fruits
 o - a beef jerky
 p - 4 chunks of flesh
 q - a slice of pizza


   Skills:
 + Level 1.7 Fighting
 + Level 3.3 Short Blades
 + Level 2.0 Throwing
 + Level 1.3 Armour
 + Level 2.9 Dodging
 + Level 0.3 Stealth


You had 3 spell levels left.
You didn't know any spells.

Dungeon Overview and Level Annotations

Branches:
Dungeon (2/15)

Altars:
Nemelex Xobeh


Innate Abilities, Weirdness & Mutations

You have extremely sharp teeth.
Your natural rate of healing is unusually fast.
When hurt, damage is shared between your health and your magic reserves.
Your bite disrupts and absorbs the magic of your enemies.
Potions and wands cannot restore your health.
You are immune to rotting.
You have large cloven feet.
Scrolls take you a little longer to read.
You are robust. (+10% HP)


Message History

Aim: an adder (severely wounded)
You throw a throwing net. The throwing net hits the adder.
The adder is caught in the net!
The adder is severely wounded.
* * * LOW HITPOINT WARNING * * *
You feel sick.
The adder struggles against the net.
The helpless adder fails to defend itself.
You hit the adder.
You kill the adder!
You have reached level 4!
You feel agile.
* * * LOW HITPOINT WARNING * * *
You feel sick.
* * * LOW HITPOINT WARNING * * *
You feel sick.
You see here a throwing net.
Unknown command.
It was a potion of mutation.
You feel extremely strange.
Your feet thicken and deform.
You feel robust.
Your vision blurs.
You die...

########.###.........##.#
...........+.........##.#
...#########.........##.#
...# #.........##.# ...#
#.........##.# ...#
#.........##.# .# ####
##.....#####.# ..#
#.....## #.##.#
#...@..####'#..#
#.......>.....# #.
#............## #....
#............# ...
########.).......# #.#
#................#####.##
#......†.....÷...#.......
#.......†..#....(........
#..........#.##.##.......


There were no monsters in sight!

Vanquished Creatures
  2 adders (D:2)
  A worm (D:2)
  A dart slug (D:2)
  A giant gecko (D:1)
  2 giant cockroaches (D:2)
  4 goblins
  5 hobgoblins
  4 jackals (D:2)
  A quokka (D:2)
  2 bats (D:1)
  10 kobolds
  3 rats (D:2)
36 creatures vanquished.

Notes
Turn   | Place    | Note
-------+----------+-------------------------------------------
     0 | D:1      | sugabear the Vine Stalker Gladiator began the quest for the Orb.
     0 | D:1      | Reached XP level 1. HP: 11/11 MP: 2/2
   199 | D:1      | Reached XP level 2. HP: 12/15 MP: 3/3
   269 | D:1      | Reached skill level 3 in Short Blades
   998 | D:2      | Reached XP level 3. HP: 12/18 MP: 2/4
  1108 | D:2      | Found a sparkling altar of Nemelex Xobeh.
  1142 | D:2      | Reached skill level 1 in Armour
  1267 | D:2      | Reached XP level 4. HP: 2/23 MP: 1/5
  1268 | D:2      | HP: 1/23 [poisoned by an adder]
  1269 | D:2      | Gained mutation: You have large cloven feet. [potion of mutation]
  1269 | D:2      | Gained mutation: You are robust. (+10% HP) [potion of mutation]
  1269 | D:2      | Gained mutation: Scrolls take you a little longer to read. [potion of mutation]
  1269 | D:2      | Succumbed to an adder's poison

Vault maps used:
D:1:      minmay_arrival_cross, minmay_pentomino_p4
D:2:      lemuel_crystal_altar, grunt_ministairs_15, eino_curves_02

Skill      XL: |  1  2  3 |
---------------+----------+-----
Short Blades   | 3 |  3.3
Throwing       | 2 |  2.0
Armour         | 1 |  1.3
Fighting       | |  1.7
Dodging        | |  2.9
Stealth        | |  0.3

Action                   |  1- 3 |  4- 6 || total
-------------------------+-------+-------++-------
Melee: Rapier            |   112 |       ||   112
       Bite              |    22 |       ||    22
Throw: Throwing net      |     1 |       ||     1
  Use: Potion            |       |     1 ||     1
 Stab: Held in net/web   |     1 |       ||     1
  Eat: Chunk             |     1 |       ||     1
Armor: Leather armour    |    35 |       ||    35
Dodge: Dodged            |    85 |       ||    85
